[Event "WSTCC-50 2024"]
[Site "Krakow"]
[Date "2024.07.04"]
[Round "3.2"]
[White "Motuz, Karol"]
[Black "Jhunjhnuwala, Naresh"]
[Result "1-0"]
[ECO "A56"]
[WhiteElo "2293"]
[BlackElo "2009"]
[Annotator "TA"]
[PlyCount "77"]
[EventDate "2024.07.01"]
[EventType "team-tourn"]
[EventCountry "POL"]
[SourceTitle "playchess.com"]
[Source "ChessBase"]
[SourceQuality "1"]
[TimeControl "40/5400+30:1800+30"]

1. d4 Nf6 2. c4 c5 3. Nf3 g6 4. Nc3 cxd4 5. Nxd4 Nc6 6. g3 Nxd4 7. Qxd4 Bg7 8. Bg2 O-O 9. O-O d6 10. Qh4 Rb8 11. Rd1 Qa5 12. Bd2 Qb6 13. Rab1 {[%emt 0:19:42] White is slightly better.} (13. b3 $5) 13... Ng4 14. Rf1 {[%emt 0:07:35] Black must now prevent Nd5.} Qd8 15. Nd5 f6 16. h3 {[%emt 0:04:28] White is much more active.} Ne5 17. b3 g5 18. Qh5 Bf5 {[%emt 0:00:33][%cal Of5g6] Threatens to win with ...Bg6!} 19. e4 $1 Bg6 20. Qe2 e6 {[%emt 0:02:14] White stays focused until the end.} 21. Nc3 a6 (21... f5 $14) 22. Rbd1 f5 (22... Re8 $16) 23. exf5 $18 Bxf5 {[%emt 0:01:14] [#]} 24. Ne4 $1 {[%emt 0:01:25] Strongly threatening Bb4.} Bxe4 25. Qxe4 Qf6 26. Bb4 {[%emt 0:02:23] This pair of bishops is nice.} Nf7 27. Bxd6 Nxd6 28. Rxd6 Rfe8 {[%emt 0:01:42] Black is weak on the light squares} 29. Re1 Qb2 (29... Bf8 $142 30. Rd7 (30. Rxe6 Rxe6 31. Qxe6+ Qxe6 $18) 30... Re7) 30. Rxe6 Rf8 31. Re2 Qa1+ 32. Kh2 Bd4 $2 (32... Qd4 33. Re7 b6) 33. Re7 Bg7 34. Qd5+ Kh8 35. Qxg5 Rbd8 (35... Qf6 $142 36. Qxf6 Bxf6 37. Rxb7 a5 38. Rxb8 Rxb8) 36. Bd5 (36. R2e5 $142 Qxe5 37. Rxe5) 36... Bf6 {[%emt 0:01:44] [#]} (36... Qf6 $18 37. Qxf6 Rxf6 38. Rxb7 Rh6) 37. Rxh7+ $3 {[%emt 0:00:35][%mdl 512] White mates.} Kxh7 38. Be4+ Kh8 39. Qh6+ {[%emt 0:00:06] Weighted Error Value: White=0.35/Black=0.47.  Mistake:       	White=1     	Black=6      Inaccurate:     	White=1     	Black=2      OK:         	White=9     	Black=7      Best:        	White=1     	Black=1      Strong:       	White=2     	---} 1-0

[Event "WSTCC-50 2024"]
[Site "Krakow"]
[Date "2024.07.04"]
[Round "3.2"]
[White "Burrows, Martin P"]
[Black "Norinkeviciute, Rasa"]
[Result "1/2-1/2"]
[ECO "B90"]
[WhiteElo "2019"]
[BlackElo "1922"]
[Annotator "NA RC"]
[PlyCount "83"]
[EventDate "2024.07.01"]
[EventType "team-tourn"]
[EventCountry "POL"]
[SourceTitle "playchess.com"]
[Source "ChessBase"]
[SourceQuality "1"]
[TimeControl "40/5400+30:1800+30"]

1. e4 c5 2. Nf3 d6 3. d4 cxd4 4. Nxd4 Nf6 5. Nc3 a6 6. Bc4 e6 7. Bb3 Be7 8. Be3 Qc7 9. f3 Nc6 10. Qd2 Bd7 11. g4 h6 12. O-O-O Ne5 13. Kb1 Nc4 14. Bxc4 Qxc4 15. h4 O-O-O 16. Nb3 Kb8 17. Bf2 Qc7 18. Qd4 b5 19. Ne2 e5 20. Qe3 Be6 21. g5 Nd7 22. Nc3 hxg5 23. hxg5 Rxh1 24. Rxh1 Nc5 25. Qd2 Qc6 26. Nd5 Bxd5 27. exd5 Nxb3 28. axb3 Qc7 29. c4 Rc8 30. Rc1 g6 31. Be3 Qd7 32. Rc2 f5 33. gxf6 Bxf6 34. c5 dxc5 35. Bxc5 Qb7 36. Qd3 Qf7 37. d6 Bd8 38. d7 Rc6 39. Bd6+ Kb7 40. Rxc6 Kxc6 41. Bxe5 Qf5 42. Qxf5 1/2-1/2

[Event "WSTCC-50 2024"]
[Site "Krakow"]
[Date "2024.07.04"]
[Round "3.3"]
[White "Khachiyan, Melikset"]
[Black "Ginsburg, Mark"]
[Result "1/2-1/2"]
[ECO "E12"]
[WhiteElo "2435"]
[BlackElo "2272"]
[Annotator "TA"]
[PlyCount "56"]
[EventDate "2024.07.01"]
[EventType "team-tourn"]
[EventCountry "POL"]
[SourceTitle "playchess.com"]
[Source "ChessBase"]
[SourceQuality "1"]
[TimeControl "40/5400+30:1800+30"]

1. Nf3 Nf6 2. d4 b6 3. c4 e6 4. a3 Bb7 5. Nc3 d5 6. cxd5 Nxd5 7. Qc2 Be7 8. e4 Nxc3 9. bxc3 c5 10. Bb5+ Bc6 11. Bd3 Nd7 12. O-O O-O {[%emt 0:05:35] White is slightly better.} 13. Bb2 Qc7 14. Rad1 {[%emt 0:02:15] [#]} (14. Qe2 $142) 14... c4 $1 $11 15. Be2 Qb7 16. Bxc4 {[%emt 0:18:15] Black must now prevent d5.} Bxe4 17. Qe2 Bxf3 18. Qxf3 Qxf3 19. gxf3 Rac8 20. Bd3 Nb8 21. Rfe1 Nc6 (21... Bf6 $15) 22. f4 {[%emt 0:05:46] The position is equal.} g6 23. f5 gxf5 24. d5 exd5 25. Bxf5 Rc7 26. Rxd5 Bf6 $1 27. Be4 {[%emt 0:03:50] [#] aiming for Rd6. This pair of bishops is nice.} Ne7 28. Rd6 Bxc3 {Weighted Error Value: White=0.08 (flawless) /Black=0.07 (flawless) .  Mistake:       	White=1     	Black=1      Inaccurate:     	White=2     	---        OK:         	White=8     	Black=7      Best:        	---       	Black=1      Strong:       	---       	Black=1} 1/2-1/2

[Event "WSTCC-50 2024"]
[Site "Krakow"]
[Date "2024.07.04"]
[Round "3.3"]
[White "Jhunjhnuwala, Ramesh"]
[Black "Briestensky, Rastislav"]
[Result "0-1"]
[ECO "B07"]
[WhiteElo "2050"]
[BlackElo "2274"]
[Annotator "TA"]
[PlyCount "102"]
[EventDate "2024.07.01"]
[EventType "team-tourn"]
[EventCountry "POL"]
[SourceTitle "playchess.com"]
[Source "ChessBase"]
[SourceQuality "1"]
[TimeControl "40/5400+30:1800+30"]

1. e4 d6 2. d4 Nf6 3. Nc3 c6 4. Nf3 Qc7 5. h3 e5 6. Be3 Be7 7. a4 O-O 8. dxe5 ({Vorzuziehen ist} 8. Bc4 $14) 8... dxe5 $11 9. Bc4 Nbd7 10. Qe2 Nc5 11. Nd2 Ne6 12. Bxe6 Bxe6 13. O-O Rfe8 14. Rfd1 Nd7 15. Nf3 f6 16. b3 a6 17. Rd3 b5 18. axb5 axb5 19. Rad1 Bb4 20. Nh4 Nc5 21. Bxc5 Bxc5 22. Qh5 Bf8 23. Qf3 b4 24. Na4 c5 25. Nf5 {[%emt 0:01:00] Schwarz bringt die Sache ungefährdet zu Ende.} c4 26. Rd5 Bxd5 27. exd5 e4 28. Qg4 {[%emt 0:00:35] [#] Schwarz muss nun d6 beachten.} cxb3 29. cxb3 Rad8 30. Nb2 g6 31. Nc4 {[%emt 0:00:42] Pariert Qe5.} Qd7 32. Nfe3 Qxg4 33. hxg4 Kf7 34. g3 Bc5 35. Kg2 Ke7 ({Günstiger ist} 35... Ra8 $19 {Und jetzt ...Ra2 wäre schön.} 36. d6 Ra2) 36. Rh1 (36. Na5 $17 {ist wohl besser.}) 36... Rh8 $19 37. Ra1 (37. Rd1 $142) 37... Ra8 38. Rd1 Ra2 39. d6+ Ke6 40. Rd5 Bxe3 41. Nxe3 {[%emt 0:30:04][%mdl 4096] Endspiel. KRR-KRN} Rb2 42. Rb5 Rxb3 43. Nc4 {[%emt 0:00:40] [#]} e3 {[%emt 0:04:25] Gegen Nd2 gerichtet.} 44. fxe3 (44. Nxe3 Kxd6) 44... Rc8 45. d7 Rd8 ({Lieber nicht} 45... Rxc4 46. d8=Q (46. d8=R Ke7 $15) 46... Rbc3 47. Rd5 Rc2+ 48. Kh3) 46. Nb6 Kd6 ({Nicht} 46... Rxe3 47. Rxb4 Rd3 48. Kf2 $19) 47. Nc4+ $2 (47. Nd5) 47... Kxd7 {[%emt 0:00:00] Droht stark ...Kc6. Schwarz steht klar auf Gewinn.} 48. Rb7+ Ke6 {[%emt 0:00:00] Droht ...Rc8 und aus.} 49. Rxh7 Rc3 50. Rc7 Rd2+ 51. Kf3 Rdc2 {[%emt 0:00:00] Gewichteter Fehlerwert: Weiß=0.71/Schwarz=0.28 (präzise) .  Fehler:       	Weiß=5     	Schwarz=1     Ungenau:       	Weiß=5     	Schwarz=2     OK:         	Weiß=11    	Schwarz=18    Bester:       	---       	Schwarz=1} 0-1

[Event "WSTCC-50 2024"]
[Site "Krakow"]
[Date "2024.07.04"]
[Round "3.3"]
[White "Baliuniene, Margarita"]
[Black "Fraser-Mitchell, Jeremy N"]
[Result "1-0"]
[ECO "A81"]
[WhiteElo "1960"]
[BlackElo "2036"]
[Annotator "NA RC"]
[PlyCount "83"]
[EventDate "2024.07.01"]
[EventType "team-tourn"]
[EventCountry "POL"]
[SourceTitle "playchess.com"]
[Source "ChessBase"]
[SourceQuality "1"]
[TimeControl "40/5400+30:1800+30"]

1. d4 f5 2. g3 Nf6 3. Bg2 g6 4. c4 Bg7 5. Nc3 O-O 6. Nf3 d6 7. O-O Qe8 8. e4 fxe4 9. Ng5 Nc6 10. Nb5 Bg4 11. Qb3 Qc8 12. d5 Nd8 13. Be3 c6 14. Nc3 c5 15. Ngxe4 Nxe4 16. Nxe4 Nf7 17. f4 Rb8 18. Nc3 Nh6 19. Bf2 Nf5 20. Rae1 Nd4 21. Bxd4 Bxd4+ 22. Kh1 Rf7 23. Ne4 h6 24. Nd2 Bd7 25. Nf3 Bf6 26. Qc2 Bf5 27. Qe2 a6 28. Nh4 Bxh4 29. gxh4 b5 30. h5 bxc4 31. hxg6 Bxg6 32. f5 Bxf5 33. Bh3 Bxh3 34. Rxf7 Kxf7 35. Qxe7+ Kg6 36. Qxd6+ Kg5 37. Qe7+ Kg6 38. Rg1+ Kh5 39. Qf7+ Kh4 40. Qf6+ Kh5 41. Qg6+ Kh4 42. Qxh6# 1-0

[Event "WSTCC-50 2024"]
[Site "Krakow"]
[Date "2024.07.04"]
[Round "3.4"]
[White "Kantorik, Marian"]
[Black "Jhunjhnuwala, Suresh"]
[Result "1-0"]
[ECO "D02"]
[WhiteElo "2198"]
[BlackElo "1888"]
[Annotator "RC"]
[PlyCount "63"]
[EventDate "2024.07.01"]
[EventType "team-tourn"]
[EventCountry "POL"]
[SourceTitle "playchess.com"]
[Source "ChessBase"]
[SourceQuality "1"]
[TimeControl "40/5400+30:1800+30"]

1. d4 d5 2. Nf3 g6 3. Bf4 Bg7 4. e3 Nf6 5. Nbd2 O-O 6. h4 Bg4 7. Be2 Nbd7 8. Ne5 Bxe2 9. Qxe2 Nxe5 10. Bxe5 Nd7 11. Bxg7 Kxg7 12. h5 e5 13. dxe5 Nxe5 14. f4 Nd7 15. O-O-O Qe7 16. Rh3 Rae8 17. g4 g5 18. fxg5 Qxg5 19. Rf1 f5 20. h6+ Kh8 21. gxf5 Rxf5 22. Rxf5 Qxf5 23. Rg3 Rg8 24. Rxg8+ Kxg8 25. Qg2+ Kf8 26. Nf3 Qe4 27. Kd2 Qg6 28. Qh3 Ke7 29. Qxd7+ Kxd7 30. Ne5+ Ke6 31. Nxg6 Kf6 32. Nf8 1-0

[Event "WSTCC-50 2024"]
[Site "Krakow"]
[Date "2024.07.04"]
[Round "3.4"]
[White "Koganov, Mikhail"]
[Black "Novikov, Igor"]
[Result "0-1"]
[ECO "B51"]
[WhiteElo "2177"]
[BlackElo "2509"]
[Annotator "TA"]
[PlyCount "64"]
[EventDate "2024.07.01"]
[EventType "team-tourn"]
[EventCountry "POL"]
[SourceTitle "playchess.com"]
[Source "ChessBase"]
[SourceQuality "1"]
[TimeControl "40/5400+30:1800+30"]

1. e4 c5 2. Nf3 d6 3. Bb5+ Nd7 4. O-O a6 5. Bd3 Ngf6 6. b3 g6 7. Bb2 Bg7 8. Re1 {[%emt 0:03:09] The position is equal.} e5 9. Bf1 O-O 10. a4 b6 11. Na3 Bb7 12. d3 Qc7 13. Nc4 Rfe8 14. g3 d5 15. Ncd2 Rad8 16. Qe2 Nb8 17. Bg2 Nc6 18. Rac1 b5 19. axb5 axb5 20. Ba1 (20. c3 $15) 20... d4 21. Bb2 Nb4 22. Nf1 {[%emt 0:01:00] [#]} (22. c4 $142) 22... c4 $1 $17 {[%emt 0:02:26][%mdl 512] Black is much more active.} 23. bxc4 (23. Ba3 Na2) 23... bxc4 24. Ba3 Na2 {[%emt 0:02:21] White must now prevent ...Ra8.} 25. Ra1 Nc3 $36 {[%emt 0:00:37][%mdl 2048] Black is on the roll.} 26. Qd2 Ra8 27. Rec1 $2 (27. h4) 27... Ra6 {[%emt 0:02:08][%cal Og7h6] [#] And now ...Bh6! would win.} 28. Bb2 Na2 29. c3 Nxc1 {[%emt 0:00:53] Black is clearly winning.} 30. Rxc1 Ra2 31. cxd4 Qb6 32. Qc3 Rxb2 {[%emt 0:01:50] Weighted Error Value: White=0.52/Black=0.12 (very precise) .  Mistake:       	White=3     	---        Inaccurate:     	White=3     	Black=1      OK:         	White=6     	Black=17     Best:        	White=2     	Black=1} 0-1

[Event "WSTCC-50 2024"]
[Site "Krakow"]
[Date "2024.07.04"]
[Round "3.4"]
[White "Noyce, Robert C"]
[Black "Buriene, Regina"]
[Result "1-0"]
[ECO "A22"]
[WhiteElo "2088"]
[BlackElo "1904"]
[Annotator "NA RC"]
[PlyCount "61"]
[EventDate "2024.07.01"]
[EventType "team-tourn"]
[EventCountry "POL"]
[SourceTitle "playchess.com"]
[Source "ChessBase"]
[SourceQuality "1"]
[TimeControl "40/5400+30:1800+30"]

1. c4 e5 2. Nc3 Nf6 3. e4 Be7 4. g3 O-O 5. Bg2 d6 6. Nge2 c5 7. O-O Nc6 8. h3 Rb8 9. d3 a6 10. f4 b5 11. f5 Nd4 12. g4 Ne8 13. b3 Bg5 14. Kh2 Nxe2 15. Nxe2 Bxc1 16. Qxc1 h6 17. Ng1 Qg5 18. Qe1 h5 19. h4 Qh6 20. g5 Qh7 21. Ne2 g6 22. f6 Kh8 23. Qa5 Qg8 24. Bh3 Bxh3 25. Kxh3 Nc7 26. Qxc7 Rfd8 27. cxb5 Qe8 28. Qe7 Qxb5 29. Qxf7 Rb7 30. Qxg6 Qd7+ 31. Qf5 1-0

[Event "WSTCC-50 2024"]
[Site "Krakow"]
[Date "2024.07.04"]
[Round "3.5"]
[White "Buckley, Graeme N"]
[Black "Adams, Michael"]
[Result "0-1"]
[ECO "C78"]
[WhiteElo "2334"]
[BlackElo "2670"]
[Annotator "TA"]
[PlyCount "104"]
[EventDate "2024.07.01"]
[EventType "team-tourn"]
[EventCountry "POL"]
[SourceTitle "playchess.com"]
[Source "ChessBase"]
[SourceQuality "1"]
[TimeControl "40/5400+30:1800+30"]

1. e4 e5 2. Nf3 Nc6 3. Bb5 a6 4. Ba4 Nf6 5. O-O b5 6. Bb3 Bc5 7. c3 d6 8. d4 Bb6 9. a4 Rb8 10. a5 {[%emt 0:01:06] The main line 10.a5 scores better than 10.axb5. C78: Ruy Lopez: Archangelsk and Möller Defences.} Ba7 $1 (10... Nxa5 11. Rxa5 Bxa5 12. dxe5 Nxe4 13. Qd5) 11. h3 Bb7 12. Be3 Nxe4 13. Re1 (13. d5 {looks sharper.} Bxe3 14. dxc6 Nxf2 15. Qe2) 13... Ne7 14. dxe5 Bxe3 15. Rxe3 O-O 16. Nbd2 Nc5 17. Bc2 Nd5 18. Re1 Nf4 19. Ne4 Re8 20. Qd2 $146 ({Predecessor:} 20. b4 Nxe4 21. Bxe4 Bxe4 22. Rxe4 dxe5 23. Nxe5 Nxh3+ 24. gxh3 Qg5+ 25. Kh1 Rxe5 26. f4 Qf5 27. Rxe5 Qxh3+ 28. Kg1 Qg3+ 29. Kh1 Qh3+ 30. Kg1 Qg3+ 31. Kh1 Qh3+ {½-½ Duda,J (2724)-Caruana,F (2764) Bucharest Superbet Classic 3rd 2023 (5)}) 20... Bxe4 21. Bxe4 ({White should try} 21. Rxe4 $11 dxe5 (21... Nxe4 22. Qxf4 Nc5 23. Ng5 $11) 22. Qxd8 Rexd8 23. Rxe5) 21... dxe5 $15 {[%emt 0:01:52] ...Qxd2 is the strong threat.} 22. Qe3 Nxe4 23. Qxe4 Qd3 (23... f6 $15 24. Rad1 Qc8) 24. Nxe5 $11 Qxe4 25. Rxe4 Rbd8 {[%emt 0:05:17] Repels Rd1} 26. Rxf4 Rxe5 {[%emt 0:00:06][%mdl 4096] Endgame. KRR-KRR} 27. Rd4 Red5 28. Re4 g6 29. Rae1 Kg7 30. g4 R8d6 31. R1e2 Rd2 32. Kf1 c5 33. Re7 Rd1+ 34. Kg2 Ra1 35. b4 cxb4 36. cxb4 Rb1 37. R7e4 Rb3 38. Rf4 g5 39. Rf5 Rxb4 40. Re7 Rf6 41. Rxf6 Kxf6 {[%emt 0:30:04] KR-KR} 42. Ra7 Ra4 43. Rxa6+ Ke5 44. Ra8 Kd4 {[%emt 0:00:00] Strongly threatening ...b4.} 45. a6 Kc3 46. a7 {[%emt 0:00:00] Threatens to win with Rc8+.} Kb4 47. Kf3 Ra5 {[%emt 0:00:00] And now ...Ka4 would win.} 48. Ke4 {[%emt 0:00:00] [#]} (48. h4 $1 $11 {was the only way to keep the balance.} gxh4 (48... Ra3+ 49. Ke2 $11) 49. g5) 48... Ka4 $1 $17 49. Kd5 $2 (49. Kd3 $17) 49... b4+ $19 50. Kc4 {[%emt 0:00:00] [#]} Ka3 $1 51. Kd3 b3 {[%emt 0:00:00] aiming for ...b2.} 52. Kd2 Ka2 0-1

[Event "WSTCC-50 2024"]
[Site "Krakow"]
[Date "2024.07.04"]
[Round "3.5"]
[White "Rogowski, Jaroslaw"]
[Black "Plotkin, Victor"]
[Result "0-1"]
[ECO "D31"]
[WhiteElo "2149"]
[BlackElo "2264"]
[Annotator "RC"]
[PlyCount "32"]
[EventDate "2024.07.01"]
[EventType "team-tourn"]
[EventCountry "POL"]
[SourceTitle "playchess.com"]
[Source "ChessBase"]
[SourceQuality "1"]
[TimeControl "40/5400+30:1800+30"]

1. d4 d5 2. c4 e6 3. Nc3 Be7 4. Bf4 Nf6 5. e3 c5 6. dxc5 Bxc5 7. a3 O-O 8. Nf3 Nc6 9. Qc2 Be7 10. Rd1 Qa5 11. Nd2 e5 12. Nb3 Qb6 13. Na4 Qa6 14. Nac5 Bxc5 15. Nxc5 Qa5+ 16. b4 Qxa3 0-1

[Event "WSTCC-50 2024"]
[Site "Krakow"]
[Date "2024.07.04"]
[Round "3.5"]
[White "Slabek, Grzegorz"]
[Black "Davis, Lee"]
[Result "1/2-1/2"]
[ECO "A48"]
[WhiteElo "1962"]
[BlackElo "1932"]
[Annotator "NA RC"]
[PlyCount "68"]
[EventDate "2024.07.01"]
[EventType "team-tourn"]
[EventCountry "POL"]
[SourceTitle "playchess.com"]
[Source "ChessBase"]
[SourceQuality "1"]
[TimeControl "40/5400+30:1800+30"]

1. Nf3 Nf6 2. d4 g6 3. e3 Bg7 4. Be2 O-O 5. O-O d6 6. b4 Nbd7 7. Bb2 c5 8. b5 b6 9. c4 Qc7 10. d5 Ng4 11. Bxg7 Kxg7 12. Nbd2 Nge5 13. Nxe5 Nxe5 14. f4 Nd7 15. Bf3 f5 16. a4 Nf6 17. a5 Bb7 18. Ra3 a6 19. bxa6 Rxa6 20. axb6 Rxb6 21. Qa1 Bc8 22. e4 fxe4 23. Nxe4 Bd7 24. h3 Kg8 25. Ng5 Rfb8 26. Re1 Bf5 27. Kh2 Rb1 28. Rxb1 Rxb1 29. Ra8+ Rb8 30. Rxb8+ Qxb8 31. Qe1 Qf8 32. Qe2 Bc8 33. g3 Bd7 34. Kg2 Bc8 1/2-1/2

[Event "WSTCC-50 2024"]
[Site "Krakow"]
[Date "2024.07.04"]
[Round "3.6"]
[White "Emms, John M"]
[Black "Dishman, Stephen"]
[Result "1/2-1/2"]
[ECO "B13"]
[WhiteElo "2428"]
[BlackElo "2308"]
[Annotator "TA"]
[PlyCount "45"]
[EventDate "2024.07.01"]
[EventType "team-tourn"]
[EventCountry "POL"]
[SourceTitle "playchess.com"]
[Source "ChessBase"]
[SourceQuality "1"]
[TimeControl "40/5400+30:1800+30"]

1. e4 c6 2. d4 d5 3. exd5 cxd5 4. Bd3 Nf6 5. Nf3 Bg4 6. c3 Nc6 7. Bf4 e6 8. Nbd2 Bd6 9. Bxd6 Qxd6 10. O-O O-O 11. Re1 {[%emt 0:00:13] The position is equal.} Ne7 12. Qc2 Bf5 13. Ne5 Rfc8 14. Bxf5 Nxf5 15. Ndf3 Ne4 {[%emt 0:05:01][%cal Of5d4] Repels Ng5} 16. Qe2 a5 17. a3 Rc7 18. Nd2 Nxd2 19. Qxd2 Qe7 20. Nd3 Qh4 21. Re2 Nd6 22. f3 Nc4 23. Qe1 {[%emt 0:11:21] Not much happened in this game.   Weighted Error Value: White=0.02 (flawless) /Black=0.02 (flawless) .  OK:         	White=4     	Black=4} 1/2-1/2

[Event "WSTCC-50 2024"]
[Site "Krakow"]
[Date "2024.07.04"]
[Round "3.6"]
[White "Cummings, David H."]
[Black "Ograbek, Grzegorz"]
[Result "1-0"]
[ECO "A41"]
[WhiteElo "2314"]
[BlackElo "2063"]
[Annotator "TA"]
[PlyCount "50"]
[EventDate "2024.07.01"]
[EventType "team-tourn"]
[EventCountry "POL"]
[SourceTitle "playchess.com"]
[Source "ChessBase"]
[SourceQuality "1"]
[TimeControl "40/5400+30:1800+30"]

1. c4 d6 2. Nc3 g6 3. d4 Bg7 4. Nf3 e5 5. dxe5 dxe5 6. Qxd8+ Kxd8 7. Bg5+ f6 8. O-O-O+ Ke8 9. Bd2 Be6 10. e3 Na6 {[%emt 0:04:36] The position is equal.} 11. Be2 Nh6 12. h3 Nf7 13. g4 c6 14. Ne4 b6 15. Bc3 Nc5 (15... Ke7 $11 {keeps the balance.}) 16. Nxc5 $16 bxc5 17. Nd2 {[%emt 0:00:24] Black must now prevent Ne4. White is more active.} Bf8 (17... Nd6 $142 18. h4 h5) 18. f4 Be7 19. h4 h5 20. gxh5 (20. fxe5 $18 fxe5 21. g5) 20... gxh5 21. Rhg1 Rd8 22. Bf3 Kd7 23. Nb3+ Kc8 24. Rxd8+ Rxd8 (24... Nxd8 $16 25. Rg7 (25. fxe5 fxe5 26. Bxe5 Rf8 $16) 25... Bd6 26. fxe5 (26. Rxa7 exf4 27. exf4 Rg8 $16) 26... fxe5 27. Rxa7 Rg8 28. Bxh5 Rg1+ 29. Kd2 Bxc4) 25. Na5 $18 ({Don't take} 25. Bxc6 $6 exf4 26. exf4 Bd6 $16) 25... Nd6 $2 {[%emt 0:00:00] Weighted Error Value: White=0.09 (flawless) /Black=0.28 (precise) .  Mistake:       	White=1     	Black=4      Inaccurate:     	---       	Black=1      OK:         	White=8     	Black=4      Best:        	White=1     	---} (25... Rf8 26. Nxc6 Kd7) 1-0

[Event "WSTCC-50 2024"]
[Site "Krakow"]
[Date "2024.07.04"]
[Round "3.6"]
[White "Adams, Mark"]
[Black "Kawula, Andrzej"]
[Result "1/2-1/2"]
[ECO "C17"]
[WhiteElo "1951"]
[BlackElo "1847"]
[Annotator "NA RC"]
[PlyCount "53"]
[EventDate "2024.07.01"]
[EventType "team-tourn"]
[EventCountry "POL"]
[SourceTitle "playchess.com"]
[Source "ChessBase"]
[SourceQuality "1"]
[TimeControl "40/5400+30:1800+30"]

1. e4 e6 2. d4 d5 3. Nc3 Bb4 4. e5 c5 5. Bd2 Ne7 6. a3 Bxc3 7. Bxc3 cxd4 8. Qxd4 Nbc6 9. Qg4 g6 10. Nf3 h5 11. Qf4 Nf5 12. O-O-O Qb6 13. Ng5 d4 14. Bd2 Qc7 15. Bb5 Bd7 16. Rhe1 Rc8 17. Bd3 Nce7 18. Ne4 Nd5 19. Nf6+ Nxf6 20. exf6 Qxf4 21. Bxf4 Bc6 22. f3 h4 23. h3 Rh5 24. Re5 Rd8 25. Be4 Bd5 26. Bxf5 gxf5 27. Rxd4 1/2-1/2

[Event "WSTCC-50 2024"]
[Site "Krakow"]
[Date "2024.07.04"]
[Round "3.7"]
[White "Duncan, Chris R"]
[Black "Arkell, Keith C"]
[Result "1/2-1/2"]
[ECO "D96"]
[WhiteElo "2156"]
[BlackElo "2375"]
[Annotator "TA"]
[PlyCount "43"]
[EventDate "2024.07.01"]
[EventType "team-tourn"]
[EventCountry "POL"]
[SourceTitle "playchess.com"]
[Source "ChessBase"]
[SourceQuality "1"]
[TimeControl "40/5400+30:1800+30"]

1. Nf3 d5 2. d4 Nf6 3. c4 c6 4. Nc3 g6 5. cxd5 cxd5 6. Bf4 Nc6 7. e3 a6 8. h3 Bg7 9. Be2 O-O 10. O-O e6 11. Ne5 {[%emt 0:01:23] White is more active.} ({White should try} 11. Rc1 $14) 11... Nxe5 $11 {[%emt 0:00:09] The position is equal.} 12. Bxe5 Bd7 13. Qb3 Bc6 14. Rfc1 Qd7 15. a4 Rfc8 16. Bd3 Ne8 17. Bxg7 Kxg7 18. Qa3 Nd6 19. b3 Rc7 20. Rc2 Rac8 21. Rac1 Qe7 22. Qb4 {[%emt 0:01:18] Weighted Error Value: White=0.07 (flawless) /Black=0.01 (flawless) .  Mistake:       	White=1     	---        OK:         	White=4     	Black=8} 1/2-1/2

[Event "WSTCC-50 2024"]
[Site "Krakow"]
[Date "2024.07.04"]
[Round "3.7"]
[White "Czyz, Andrzej"]
[Black "Barron, Michael"]
[Result "0-1"]
[ECO "A88"]
[WhiteElo "1921"]
[BlackElo "2046"]
[Annotator "NA RC"]
[PlyCount "96"]
[EventDate "2024.07.01"]
[EventType "team-tourn"]
[EventCountry "POL"]
[SourceTitle "playchess.com"]
[Source "ChessBase"]
[SourceQuality "1"]
[TimeControl "40/5400+30:1800+30"]

1. d4 f5 2. c4 Nf6 3. g3 g6 4. Bg2 Bg7 5. Nc3 O-O 6. Nf3 d6 7. O-O c6 8. d5 e5 9. dxe6 Bxe6 10. b3 Na6 11. Bb2 Qe7 12. Ng5 Bd7 13. Ba3 Nc5 14. Bxc5 dxc5 15. Qc2 h6 16. Nh3 Ne4 17. Bxe4 fxe4 18. Nf4 Bf5 19. e3 g5 20. Ng2 Rad8 21. Rad1 Rd3 22. Ne2 Rfd8 23. Nc1 R3d7 24. Rxd7 Qxd7 25. g4 Bxg4 26. Qxe4 Re8 27. Qg6 Bf3 28. Nd3 Be4 29. Nxc5 Bxg6 30. Nxd7 b6 31. f4 Rd8 32. Ne5 Be4 33. h3 Rd2 34. Rf2 Rxf2 35. Kxf2 Bxe5 36. fxe5 Kf7 37. Ne1 Ke6 38. Nf3 c5 39. Kg3 Kf5 40. a3 h5 41. e6 Bxf3 42. Kxf3 Kxe6 43. Ke4 Kf6 44. Kd5 g4 45. hxg4 hxg4 46. b4 g3 47. bxc5 bxc5 48. Kxc5 g2 0-1

[Event "WSTCC-50 2024"]
[Site "Krakow"]
[Date "2024.07.04"]
[Round "3.7"]
[White "Czernicki, Bogdan"]
[Black "Hughes, Anthony"]
[Result "1/2-1/2"]
[ECO "D02"]
[WhiteElo "1886"]
[BlackElo "1913"]
[Annotator "NA RC"]
[PlyCount "42"]
[EventDate "2024.07.01"]
[EventType "team-tourn"]
[EventCountry "POL"]
[SourceTitle "playchess.com"]
[Source "ChessBase"]
[SourceQuality "1"]
[TimeControl "40/5400+30:1800+30"]

1. d4 d5 2. Nf3 Nf6 3. Bf4 e6 4. e3 Bd6 5. Bg3 O-O 6. Nbd2 c5 7. c3 Qc7 8. Bxd6 Qxd6 9. Ne5 b6 10. f4 Ba6 11. Bxa6 Nxa6 12. O-O Nc7 13. Qf3 Nce8 14. g4 Qc7 15. g5 Nd7 16. Qh5 f6 17. g6 h6 18. Nf7 f5 19. Rf3 Ndf6 20. Qh4 Nd6 21. Ne5 Nde4 1/2-1/2